MID
LANSING LUGNUTS @ SOUTH BEND SILVER HAWKS
04/09/2054
 
TOP OF THE 1ST
Cedar Rapids Kernels batting - Pitching for Wisconsin Timber Rattlers : RHP Valerio González
Pitching: RHP Valerio González
Batting: SHB Michael Wright 0-0: Swinging Strike
0-1: Ball
1-1: Ball
2-1: Foul Ball, location: 2F
2-2: DOUBLE (Line Drive, 78M, EV 95.0 MPH)
Batting: RHB Pablo Torres 0-0: Swinging Strike
0-1: Swinging Strike
0-2: Foul Ball, location: 2F
0-2: Foul Ball, location: 2F
0-2: Strikes out swinging
Batting: LHB Xavier García 0-0: Ball
1-0: Foul Ball, location: 2F
1-1: DOUBLE (Line Drive, 7LM, EV 105.6 MPH)
Michael Wright scores
Batting: RHB Loren Lawrence 0-0: Ball
1-0: 2-RUN HOME RUN (Flyball, 7LD, EV 103.8 MPH), Distance : 353 ft
Batting: RHB Gary Dhana 0-0: Ball
1-0: Ball
2-0: Fly out, F3 (Line Drive, 3, EV 64.4 MPH)
Batting: RHB Scott Booker 0-0: Foul Ball, location: 2F
0-1: Called Strike
0-2: DOUBLE (Line Drive, 78D, EV 111.9 MPH)
Batting: RHB Kris Reynolds 0-0: Reached on error, E5 (Groundball, 5L, EV 80.0 MPH)
Scott Booker to third
Batting: RHB Reynaldo Quiñones 0-0: Called Strike
0-1: Fielders Choice at 2nd, 5-4 (Groundball, 5L, EV 87.5 MPH)
Top of the 1st over - 3 runs, 4 hits, 1 error, 2 left on base; Cedar Rapids 3 - Wisconsin 0
BOTTOM OF THE 1ST
Wisconsin Timber Rattlers batting - Pitching for Cedar Rapids Kernels : RHP Pablo Encarnación
Pitching: RHP Pablo Encarnación
Batting: LHB Dave Baldwin 0-0: Ball
1-0: Ball
2-0: Ball
3-0: Base on Balls
Batting: SHB Dale MacInnes 0-0: Ball
Dave Baldwin steals 2nd base
1-0: Ball
2-0: Foul Ball, location: 2F
2-1: Ball
3-1: Called Strike
3-2: Ground out U3 (Groundball, 34S, EV 85.6 MPH)
Dave Baldwin to third
Batting: LHB Mark Wilson 0-0: Called Strike
0-1: Foul Ball, location: 2F
0-2: Ball
1-2: Foul Ball, location: 2F
1-2: Strikes out swinging
Batting: LHB Gil Moore 0-0: Ball
1-0: Foul Ball, location: 2F
1-1: Ground out 4-3 (Groundball, 4, EV 81.9 MPH)
Bottom of the 1st over - 0 runs, 0 hits, 0 errors, 1 left on base; Cedar Rapids 3 - Wisconsin 0
TOP OF THE 2ND
Cedar Rapids Kernels batting - Pitching for Wisconsin Timber Rattlers : RHP Valerio González
Batting: RHB Tsunesaburo Sato 0-0: Ball
1-0: Foul Ball, location: 2F
1-1: Called Strike
1-2: SINGLE (Flyball, 89S, EV 86.3 MPH)
Batting: SHB Michael Wright 0-0: Swinging Strike
0-1: Ball
1-1: Fly out, F6 (Line Drive, 6, EV 66.3 MPH)
Batting: RHB Pablo Torres 0-0: Ball
1-0: Ball
2-0: DOUBLE (Line Drive, 78D, EV 113.8 MPH)
Tsunesaburo Sato to third
Runner from 3rd tries for Home, SAFE, throw by CF to home
Batting: LHB Xavier García 0-0: Called Strike
0-1: Ground out 6-3 (Groundball, 6, EV 106.9 MPH)
Batting: RHB Loren Lawrence 0-0: Ground out 4-3 (Groundball, 4, EV 109.4 MPH)
Top of the 2nd over - 1 run, 2 hits, 0 errors, 1 left on base; Cedar Rapids 4 - Wisconsin 0
BOTTOM OF THE 2ND
Wisconsin Timber Rattlers batting - Pitching for Cedar Rapids Kernels : RHP Pablo Encarnación
Batting: SHB Yang Siu 0-0: Ball
1-0: Ball
2-0: Ball
3-0: Called Strike
3-1: Swinging Strike
3-2: Foul Ball, location: 2F
3-2: Ground out 3-1 (Groundball, 3L, EV 98.1 MPH)
Batting: LHB Lester Dennis 0-0: Ball
1-0: Called Strike
1-1: Ball
2-1: Reached via error on a dropped throw from SS, E3 (Groundball, 6, EV 84.4 MPH)
Batting: RHB Cliff Black 0-0: SINGLE (Line Drive, 78S, EV 91.9 MPH)
Lester Dennis to second
Batting: LHB Ernesto Cruz 0-0: Ball
1-0: Swinging Strike
1-1: Ball
2-1: Ball
3-1: Base on Balls
Lester Dennis to third
Cliff Black to second
Batting: SHB Júlio Rivas 0-0: Swinging Strike
0-1: Swinging Strike
0-2: Ball
1-2: Fielders Choice at 2nd, 4-6 (Groundball, 4, EV 83.8 MPH)
Lester Dennis scores
Cliff Black to third
Batting: LHB Dave Baldwin 0-0: Called Strike
0-1: Ball
1-1: 3-RUN HOME RUN (Line Drive, 9LD, EV 106.9 MPH), Distance : 361 ft
Batting: SHB Dale MacInnes 0-0: Called Strike
0-1: Ball
1-1: Foul Ball, location: 2F
1-2: Strikes out swinging
Bottom of the 2nd over - 4 runs, 2 hits, 1 error, 0 left on base; Cedar Rapids 4 - Wisconsin 4
TOP OF THE 3RD
Cedar Rapids Kernels batting - Pitching for Wisconsin Timber Rattlers : RHP Valerio González
Batting: RHB Gary Dhana 0-0: Foul Ball, location: 2F
0-1: Ball
1-1: Ball
2-1: Foul Ball, location: 2F
2-2: SOLO HOME RUN (Flyball, 78XD, EV 91.3 MPH), Distance : 427 ft
Batting: RHB Scott Booker 0-0: Called Strike
0-1: Swinging Strike
0-2: Ball
1-2: Ball
2-2: Strikes out swinging
Batting: RHB Kris Reynolds 0-0: Called Strike
0-1: Ball
1-1: Foul Ball, location: 2F
1-2: SINGLE (Flyball, 7LS, EV 89.4 MPH) - OUT at second base trying to stretch hit.
Batting: RHB Reynaldo Quiñones 0-0: Swinging Strike
0-1: Ball
1-1: Ball
2-1: Called Strike
2-2: Ball
3-2: Strikes out swinging
Top of the 3rd over - 1 run, 2 hits, 0 errors, 0 left on base; Cedar Rapids 5 - Wisconsin 4
BOTTOM OF THE 3RD
Wisconsin Timber Rattlers batting - Pitching for Cedar Rapids Kernels : RHP Pablo Encarnación
Batting: LHB Mark Wilson 0-0: Ball
1-0: Called Strike
1-1: Ball
2-1: Ball
3-1: Base on Balls
Batting: LHB Gil Moore 0-0: Fly out, F9 (Flyball, 9D, EV 100.6 MPH)
Batting: SHB Yang Siu 0-0: Called Strike
0-1: Ball
Wild Pitch!
Mark Wilson to second
1-1: Ball
2-1: SINGLE (Groundball, 4MD, EV 98.8 MPH)
Mark Wilson to third
Batting: LHB Lester Dennis 0-0: Fly out, F3 (Popup, 34S, EV 86.3 MPH)
Batting: RHB Cliff Black 0-0: Called Strike
0-1: SINGLE (Line Drive, 4D, EV 100.0 MPH)
Mark Wilson scores
Yang Siu to second
Batting: LHB Ernesto Cruz 0-0: Foul Ball, location: 2F
0-1: Foul Ball, location: 2F
0-2: Ball
1-2: Ball
2-2: Ball
3-2: Ground out 5-3 (Groundball, 56S, EV 63.1 MPH)
Bottom of the 3rd over - 1 run, 2 hits, 0 errors, 2 left on base; Cedar Rapids 5 - Wisconsin 5
TOP OF THE 4TH
Cedar Rapids Kernels batting - Pitching for Wisconsin Timber Rattlers : RHP Valerio González
Batting: RHB Tsunesaburo Sato 0-0: Called Strike
0-1: Ball
1-1: SINGLE (Groundball, 4MD, EV 101.3 MPH)
Pitching: RHP Brian Scott
Batting: SHB Michael Wright 0-0: Called Strike
0-1: Foul Ball, location: 2F
0-2: Ball
1-2: Strikes out swinging
Batting: RHB Pablo Torres 0-0: Foul Ball, location: 2F
0-1: Ball
1-1: Ball
2-1: Ball
Wild Pitch!
Tsunesaburo Sato to second
3-1: Foul Ball, location: 2F
3-2: Foul Ball, location: 2F
3-2: SINGLE (Groundball, 5S, EV 67.5 MPH) (infield hit)
Tsunesaburo Sato to third
Batting: LHB Xavier García 0-0: Swinging Strike
0-1: Foul Ball, location: 2F
0-2: Foul Ball, location: 2F
0-2: Ball
1-2: Foul Ball, location: 2F
1-2: Strikes out looking
Batting: RHB Loren Lawrence 0-0: Called Strike
0-1: Ball
1-1: Ball
2-1: Ball
3-1: Fly out, F7 (Flyball, 7D, EV 77.5 MPH)
Top of the 4th over - 0 runs, 2 hits, 0 errors, 2 left on base; Cedar Rapids 5 - Wisconsin 5
BOTTOM OF THE 4TH
Wisconsin Timber Rattlers batting - Pitching for Cedar Rapids Kernels : RHP Pablo Encarnación
Batting: SHB Júlio Rivas 0-0: Ball
1-0: Ground out 4-3 (Groundball, 4, EV 83.1 MPH)
Batting: LHB Dave Baldwin 0-0: Ball
1-0: Ground out 1-3 (Groundball, 15S, EV 71.9 MPH)
Batting: SHB Dale MacInnes 0-0: Ball
1-0: Ball
2-0: Ball
3-0: Called Strike
3-1: SINGLE (Groundball, 4MD, EV 110.6 MPH)
Batting: LHB Mark Wilson 0-0: Ball
1-0: SINGLE (Line Drive, 4MD, EV 94.4 MPH)
Dale MacInnes to second
Runner from 2nd tries for 3rd, SAFE, throw by CF made to third
Pitching: RHP Eddie Ebeling
Batting: LHB Gil Moore 0-0: Called Strike
0-1: Ball
1-1: Foul Ball, location: 2F
1-2: Fly out, F2 (Popup, 2L, EV 84.4 MPH)
Bottom of the 4th over - 0 runs, 2 hits, 0 errors, 2 left on base; Cedar Rapids 5 - Wisconsin 5
TOP OF THE 5TH
Cedar Rapids Kernels batting - Pitching for Wisconsin Timber Rattlers : RHP Brian Scott
Batting: RHB Gary Dhana 0-0: Ball
1-0: Ball
2-0: Called Strike
2-1: Ball
3-1: Called Strike
3-2: Strikes out swinging
Batting: RHB Scott Booker 0-0: Called Strike
0-1: Ball
1-1: Ball
2-1: Foul Ball, location: 2F
2-2: Ball
3-2: Base on Balls
Batting: RHB Kris Reynolds 0-0: Ball
1-0: SINGLE (Line Drive, 5L, EV 97.5 MPH)
Scott Booker to second
Batting: RHB Reynaldo Quiñones 0-0: Called Strike
0-1: Ball
1-1: Called Strike
1-2: Strikes out looking
Batting: RHB Tsunesaburo Sato 0-0: Swinging Strike
0-1: Ball
1-1: Called Strike
1-2: Strikes out swinging
Top of the 5th over - 0 runs, 1 hit, 0 errors, 2 left on base; Cedar Rapids 5 - Wisconsin 5
BOTTOM OF THE 5TH
Wisconsin Timber Rattlers batting - Pitching for Cedar Rapids Kernels : RHP Eddie Ebeling
Batting: SHB Yang Siu 0-0: Ball
1-0: Ball
2-0: Called Strike
2-1: Called Strike
2-2: Fly out, F7 (Flyball, 7S, EV 95.0 MPH)
Batting: LHB Lester Dennis 0-0: Ball
1-0: Fly out, F9 (Flyball, 89M, EV 86.3 MPH)
Batting: RHB Cliff Black 0-0: Ball
1-0: Called Strike
1-1: Foul Ball, location: 2F
1-2: Strikes out swinging
Bottom of the 5th over - 0 runs, 0 hits, 0 errors, 0 left on base; Cedar Rapids 5 - Wisconsin 5
TOP OF THE 6TH
Cedar Rapids Kernels batting - Pitching for Wisconsin Timber Rattlers : RHP Brian Scott
Batting: SHB Michael Wright 0-0: Called Strike
0-1: Foul Ball, location: 2F
0-2: Foul Ball, location: 2F
0-2: Ball
1-2: Ball
2-2: Ball
3-2: Strikes out looking
Batting: RHB Pablo Torres 0-0: Called Strike
0-1: Ball
1-1: Ball
2-1: Fly out, F8 (Flyball, 8RS, EV 93.1 MPH)
Batting: LHB Xavier García 0-0: Fly out, F7 (Flyball, 7S, EV 76.9 MPH)
Top of the 6th over - 0 runs, 0 hits, 0 errors, 0 left on base; Cedar Rapids 5 - Wisconsin 5
BOTTOM OF THE 6TH
Wisconsin Timber Rattlers batting - Pitching for Cedar Rapids Kernels : RHP Eddie Ebeling
Batting: LHB Ernesto Cruz 0-0: Ball
1-0: Called Strike
1-1: Ball
2-1: Swinging Strike
2-2: Ball
3-2: Foul Ball, location: 2F
3-2: Base on Balls
Batting: SHB Júlio Rivas 0-0: Sac Bunt to 5S - play at first, batter OUT! 5-3
Ernesto Cruz to second
Batting: LHB Dave Baldwin 0-0: Called Strike
0-1: Ball
1-1: SINGLE (Groundball, 4MD, EV 97.5 MPH)
Ernesto Cruz to third
Runner from 3rd tries for Home, throw by CF and OUT! 8-2
Dave Baldwin to second
Batting: SHB Dale MacInnes 0-0: Foul Ball, location: 2F
0-1: Foul Ball, location: 2F
0-2: Ball
1-2: Foul Ball, location: 2F
1-2: Foul Ball, location: 2F
1-2: Ball
2-2: SINGLE (Line Drive, 8LS, EV 95.6 MPH)
Dave Baldwin to third
Runner from 3rd tries for Home, SAFE, throw by CF to home
Batting: LHB Mark Wilson 0-0: Ball
Dale MacInnes steals 2nd base
1-0: Ball
2-0: Ball
3-0: Base on Balls
Batting: LHB Gil Moore 0-0: Ball
1-0: Ball
2-0: Ball
3-0: Base on Balls
Dale MacInnes to third
Mark Wilson to second
Batting: SHB Yang Siu 0-0: Ball
1-0: Ball
2-0: Called Strike
2-1: SINGLE (Line Drive, 9S, EV 92.5 MPH)
Dale MacInnes scores
Mark Wilson to third
Gil Moore to second
Batting: LHB Lester Dennis 0-0: Fielders Choice at 2nd, 5-4 (Groundball, 56, EV 101.3 MPH)
Bottom of the 6th over - 2 runs, 3 hits, 0 errors, 3 left on base; Cedar Rapids 5 - Wisconsin 7
TOP OF THE 7TH
Cedar Rapids Kernels batting - Pitching for Wisconsin Timber Rattlers : RHP Brian Scott
Batting: RHB Loren Lawrence 0-0: Fly out, F8 (Flyball, 8RD, EV 75.6 MPH)
Batting: RHB Gary Dhana 0-0: Called Strike
0-1: Ball
1-1: Ball
2-1: Ball
3-1: Foul Ball, location: 2F
3-2: Fly out, F7 (Flyball, 7LM, EV 76.9 MPH)
Batting: RHB Scott Booker 0-0: Ball
1-0: Swinging Strike
1-1: Foul Ball, location: 2F
1-2: SINGLE (Groundball, 6MD, EV 95.0 MPH)
Pitching: RHP Rick Richardson
Batting: RHB Kris Reynolds 0-0: Ball
1-0: Called Strike
1-1: Ball
2-1: SINGLE (Groundball, 6MD, EV 102.5 MPH)
Scott Booker to second
Batting: RHB Reynaldo Quiñones 0-0: Called Strike
0-1: Ball
1-1: Foul Ball, location: 2F
1-2: Ball
2-2: Foul Ball, location: 2F
2-2: Strikes out swinging
Top of the 7th over - 0 runs, 2 hits, 0 errors, 2 left on base; Cedar Rapids 5 - Wisconsin 7
BOTTOM OF THE 7TH
Wisconsin Timber Rattlers batting - Pitching for Cedar Rapids Kernels : RHP Eddie Ebeling
Batting: RHB Cliff Black 0-0: Fly out, F9 (Flyball, 9LSF, EV 85.6 MPH)
Batting: LHB Ernesto Cruz 0-0: Called Strike
0-1: Ball
1-1: Foul Ball, location: 2F
1-2: Strikes out swinging
Batting: SHB Júlio Rivas 0-0: Called Strike
0-1: Ball
1-1: Ball
2-1: Foul Ball, location: 2F
2-2: Ball
3-2: Foul Ball, location: 2F
3-2: Ground out 4-3 (Groundball, 4, EV 103.8 MPH)
Bottom of the 7th over - 0 runs, 0 hits, 0 errors, 0 left on base; Cedar Rapids 5 - Wisconsin 7
TOP OF THE 8TH
Cedar Rapids Kernels batting - Pitching for Wisconsin Timber Rattlers : RHP Rick Richardson
Batting: RHB Tsunesaburo Sato 0-0: Ball
1-0: Ball
2-0: Fly out, F7 (Flyball, 7S, EV 81.3 MPH)
Batting: SHB Michael Wright 0-0: Ball
1-0: Foul Ball, location: 2F
1-1: Called Strike
1-2: Ball
2-2: Foul Ball, location: 2F
2-2: Ground out 4-3 (Groundball, 4, EV 92.5 MPH)
Batting: RHB Pablo Torres 0-0: Ball
1-0: Called Strike
1-1: SOLO HOME RUN (Flyball, 7D, EV 98.1 MPH), Distance : 361 ft
Batting: LHB Xavier García 0-0: Foul Ball, location: 2F
0-1: Called Strike
0-2: Strikes out swinging
Top of the 8th over - 1 run, 1 hit, 0 errors, 0 left on base; Cedar Rapids 6 - Wisconsin 7
BOTTOM OF THE 8TH
Wisconsin Timber Rattlers batting - Pitching for Cedar Rapids Kernels : RHP Eddie Ebeling
Batting: LHB Dave Baldwin 0-0: Ball
1-0: Ball
2-0: DOUBLE (Flyball, 8RXD, EV 106.9 MPH)
Pitching: LHP Micah Scott
Batting: SHB Dale MacInnes 0-0: Swinging Strike
0-1: Foul Ball, location: 2F
0-2: Foul Ball, location: 2F
0-2: Ball
1-2: Strikes out swinging
Batting: LHB Mark Wilson 0-0: Fly out, F6 (Popup, 6M, EV 56.3 MPH)
Batting: LHB Gil Moore 0-0: Ball
1-0: Fly out, F8 (Flyball, 8RD, EV 93.8 MPH)
Bottom of the 8th over - 0 runs, 1 hit, 0 errors, 1 left on base; Cedar Rapids 6 - Wisconsin 7
TOP OF THE 9TH
Cedar Rapids Kernels batting - Pitching for Wisconsin Timber Rattlers : RHP Rick Richardson
Pitching: RHP Manuel Ortíz
Now at 3B: Alonso García
Batting: RHB Loren Lawrence 0-0: Swinging Strike
0-1: Swinging Strike
0-2: Ball
1-2: Ball
2-2: Ball
3-2: Strikes out looking
Batting: RHB Gary Dhana 0-0: Ball
1-0: Swinging Strike
1-1: Foul Ball, location: 2F
1-2: Ball
2-2: Strikes out swinging
Batting: RHB Scott Booker 0-0: Called Strike
0-1: Ball
1-1: Swinging Strike
1-2: Ground out 5-3 (Groundball, 5, EV 97.5 MPH)
Top of the 9th over - 0 runs, 0 hits, 0 errors, 0 left on base; Cedar Rapids 6 - Wisconsin 7
Thursday, June 4th, 2020 - OOTP Baseball 20.8 Build 74